 Dungeon Crawl Stone Soup version 0.28.0 (webtiles) character file.

Game seed: 11572750124173690810

394 Hasart the Shield-Bearer (level 6, -2/51 HPs)
             Began as a Demigod Fighter on Feb 12, 2022.
             Slain by a kobold brigand (7 damage)
             ... on level 4 of the Dungeon.
             The game lasted 00:06:33 (5014 turns).

Hasart the Shield-Bearer (Demigod Fighter)          Turns: 5014, Time: 00:06:33

Health: -2/51      AC:  6    Str: 17    XL:     6   Next: 26%
Magic:  8/8        EV: 10    Int: 10    God:
Gold:   125        SH:  6    Dex: 21    Spells: 5/5 levels left

rFire   . . .      SeeInvis .   s - +3 morningstar (protect)
rCold   . . .      Faith    .   c - +0 buckler
rNeg    . . .      Spirit   .   b - +0 scale mail
rPois   .          Reflect  .   (no helmet)
rElec   .          Harm     .   (no cloak)
rCorr   .          Rampage  .   (no gloves)
Will    .....                   (no boots)
Stlth   ..........              (no amulet)
HPRegen 0.17/turn               (no ring)
MPRegen 0.11/turn               (no ring)

@: no status effects
A: high MP 1, forlorn, divine attributes
a: no special abilities


You were on level 4 of the Dungeon.
You visited 1 branch of the dungeon, and saw 4 of its levels.

You collected 125 gold pieces.

Inventory:

Hand Weapons
 a - a +0 long sword
 g - a +0 dagger of venom
 s - a +3 morningstar of protection (weapon)
Missiles
 i - 2 boomerangs
 u - 7 poisoned darts (quivered)
Armour
 b - a +0 scale mail (worn)
 c - a +0 buckler (worn)
Wands
 m - a wand of flame (23)
Scrolls
 e - 3 scrolls of immolation {unknown}
 j - 5 scrolls of teleportation {unknown}
 n - 3 scrolls of identify {unknown}
 p - a scroll of fog {unknown}
 q - a scroll of vulnerability {unknown}
 r - a scroll of blinking {unknown}
 t - a scroll of noise {unknown}
Potions
 d - a potion of might
 f - a potion of haste {unknown}
 h - a potion of lignification {unknown}
 k - a potion of flight {unknown}
 l - a potion of heal wounds {unknown}
 o - a potion of brilliance {unknown}
 v - 2 potions of degeneration {unknown}


   Skills:
 + Level 3.4 Fighting
 - Level 3.1 Long Blades
 * Level 1.7 Maces & Flails
 + Level 1.6 Throwing
 + Level 3.5 Armour
 + Level 2.0 Dodging
 + Level 3.5 Shields
 + Level 0.8 Evocations


You had 5 spell levels left.
You didn't know any spells.
Your spell library contained the following spells:

 Spells                   Type           Power      Damage    Failure   Level
 Sandblast                Erth           0%         2d4       86%         1
 Slow                     Hex            0%         N/A       86%         1
 Ensorcelled Hibernation  Hex/Ice        0%         N/A       94%         2
 Passwall                 Tmut/Erth      0%         N/A       94%         2
 Confusing Touch          Hex            0%         N/A       99%         3
 Dazzling Flash           Conj/Hex       0%         N/A       99%         3
 Spider Form              Tmut/Pois      0%         N/A       99%         3
 Stone Arrow              Conj/Erth      0%         3d7       99%         3
 Swiftness                Air            0%         N/A       99%         3
 Vampiric Draining        Necr           0%         2d6       99%         3
 Anguish                  Hex/Necr       0%         N/A       100%        4
 Agony                    Necr           0%         N/A       100%        5
 Silence                  Hex/Air        0%         N/A       100%        5


Dungeon Overview and Level Annotations

Branches:
Dungeon (4/15)
 Temple: D:4-7

Shops:
D:3 (

Annotations:
D:4 Sigmund


Innate Abilities, Weirdness & Mutations

You have an increased reservoir of magic. (+10% MP)
You shall have no god before yourself.
Your divine heritage dramatically boosts your attributes as you level up.


Message History

You sock the kobold brigand!
Your weapon exudes an aura of protection.
The kobold brigand is moderately wounded.
You feel sick.
You are no longer poisoned.
The kobold brigand hits you but does no damage.
The kobold brigand hits you with a +0 hand axe.
You completely miss the kobold brigand.
The kobold brigand is moderately wounded.
The kobold brigand hits you with a +0 hand axe!
* * * LOW HITPOINT WARNING * * *
The kobold brigand hits you with a +0 hand axe.
* * * LOW HITPOINT WARNING * * *
Unknown command.
Okay, then.
Aiming: Throw Flame
Press: ? - help, Shift-Dir - straight line, f - kobold brigand
Aim: a kobold brigand, wielding a +0 hand axe, wearing an amulet of faith and quivering curare-tipped darts (moderately wounded, 60% to hit)
The puff of flame hits the kobold brigand!
The kobold brigand is heavily wounded.
The kobold brigand barely misses you.
Unknown command.
Aiming: Throw Flame
Press: ? - help, Shift-Dir - straight line, f/p - kobold brigand
Aim: a kobold brigand, wielding a +0 hand axe, wearing an amulet of faith and quivering curare-tipped darts (heavily wounded, 60% to hit)
The puff of flame hits the kobold brigand.
The kobold brigand is severely wounded.
The kobold brigand hits you with a +0 hand axe.
* * * LOW HITPOINT WARNING * * *
The kobold brigand misses you.
Unknown command.
Aiming: Throw Flame
Press: ? - help, Shift-Dir - straight line, f/p - kobold brigand
Aim: a kobold brigand, wielding a +0 hand axe, wearing an amulet of faith and quivering curare-tipped darts (severely wounded, 60% to hit)
The puff of flame hits the kobold brigand.
The kobold brigand is severely wounded.
The ball python hisses angrily.
You feel yourself speed up.
The kobold brigand hits you with a +0 hand axe!
You die...

#)###.#######
#.#.......... .
#####.#.#.######.###.
.........†..........
#####.#.#.##.####^####
#.......#.##.#.......#
#.###.###.#..#.......#
#.# #.#......#(......#..
#.# #.#.........@K...^S.
#.###.#.#+##.#.......#..
#...#.#>...†.#.......#
###)#.##...#.#.......#
...†..##...#.####^####
###.####...#.. ...
#.#......###. ....
#.#†#[...# .. [###
#...#.#'## ##


You could see a kobold brigand and a ball python.

Vanquished Creatures
  Edmund (D:4)
  A scorpion (D:4)
  A jelly (D:2)
  A hound (D:4)
  An orc wizard (D:3)
  5 adders
  5 worms
  2 dart slugs
  3 orcs (D:3)
  6 bats
  14 endoplasms
  3 giant cockroaches
  4 goblins
  3 hobgoblins
  4 quokkas
  10 ball pythons
  5 frilled lizards
  8 kobolds
  2 rats (D:1)
79 creatures vanquished.

Notes
Turn   | Place    | Note
-------+----------+-------------------------------------------
     0 | D:1      | Hasart the Demigod Fighter began the quest for the Orb.
     0 | D:1      | Reached XP level 1. HP: 18/18 MP: 3/3
   576 | D:1      | Reached XP level 2. HP: 12/25 MP: 4/4
  1383 | D:2      | Reached XP level 3. HP: 21/30 MP: 5/5
  1756 | D:2      | Reached skill level 1 in Dodging
  2558 | D:2      | Reached XP level 4. HP: 21/38 MP: 6/6
  3272 | D:3      | Reached skill level 1 in Throwing
  3538 | D:3      | Found Netiraol's Weapon Shop.
  3582 | D:3      | Reached XP level 5. HP: 39/45 MP: 7/7
  4086 | D:4      | Noticed Edmund
  4112 | D:4      | Reached skill level 1 in Maces & Flails
  4400 | D:4      | Killed Edmund
  4401 | D:4      | Reached XP level 6. HP: 37/51 MP: 8/8
  4946 | D:4      | Noticed Sigmund
  5014 | D:4      | Slain by a kobold brigand

Illustrated notes

Levels and vault maps discovered:
D:1:      dpeg_arrival_connections, layout_loops_cross,
          hangedman_abyss_or_decor_lesser_grid, grunt_decor_one_mirror,
          serial_park_tiny_2
D:2:      layout_basic, basic_ecumenical_altar, lemuel_another_geyser
D:3:      layout_basic, nemelex_altar_shiori, serial_shops,
          nicolae_shop_bloodbath_and_beyond, kennysheep_decorative_pillar,
          hangedman_decor_push
D:4:      layout_basic, lemuel_tele_altar, minmay_temple_entry_statues,
          chequers_serial_rivers_room_a, uniq_edmund, uniq_sigmund

Skill      XL: |  1  2  3  4  5  6 |
---------------+-------------------+-----
Long Blades    | 2 3 |  3.1
Fighting       | 3 |  3.4
Dodging        | 1 2 |  2.0
Armour         | 3 |  3.5
Shields        | 3 |  3.5
Throwing       | 1 |  1.6
Maces & Flails | 1 |  1.7
Evocations     | |  0.8

Action                   |  1- 3 |  4- 6 || total
-------------------------+-------+-------++-------
Melee: Long sword        |    23 |       ||    23
       Dagger            |   131 |    88 ||   219
       Morningstar       |       |    47 ||    47
Throw: Boomerang         |     2 |     4 ||     6
       Dart              |       |     1 ||     1
Evoke: Wand              |       |     3 ||     3
Armor: Scale mail        |    53 |    45 ||    98
Dodge: Dodged            |    45 |    59 ||   104
Block: Buckler           |    22 |    36 ||    58
